 Dungeon Crawl Stone Soup version 0.20.1-1-g8b1a95d (webtiles) character file.

466 letownia2 the Grave Robber (level 6, -3/52 HPs)
             Began as a Deep Dwarf Necromancer on Nov 2, 2017.
             Slain by an ogre
             ... wielding a +0 giant club
              (7 damage)
             ... on level 5 of the Dungeon.
             The game lasted 00:06:04 (1394 turns).

letownia2 the Grave Robber (Deep Dwarf Necromancer) Turns: 1394, Time: 00:06:05

Health: -3/52      AC:  6    Str: 12    XL:     6   Next: 81%
Magic:  0/10       EV: 11    Int: 17    God:
Gold:   73         SH:  0    Dex: 13    Spells: 4/11 levels left

rFire    . . .     SeeInvis +   a - +0 dagger
rCold    . . .     Gourm    .   (no shield)
rNeg     . . .     Faith    .   e - +0 ring mail
rPois    +         Spirit   .   (no helmet)
rElec    .         Reflect  .   n - +0 cloak (curse)
rCorr    .         Harm     .   (no gloves)
MR       .....                  (no boots)
Stlth    +.........             g - amulet of rage
Regen    0.0/turn               h - ring of see invisible
MPRegen  0.2/turn               m - ring of poison resistance

@: non-regenerating
A: damage resistance, heal wounds, sense surroundings 1, no regeneration
a: Heal Wounds, Evoke Berserk Rage


You were on level 5 of the Dungeon.
You were not hungry.

You visited 1 branch of the dungeon, and saw 5 of its levels.

You collected 73 gold pieces.

Inventory:

Hand Weapons
 a - a +0 dagger (weapon)
Missiles
 i - 3 tomahawks (quivered)
Armour
 e - a +0 ring mail (worn)
 n - a cursed +0 cloak (worn)
Jewellery
 g - an amulet of rage (around neck)
 h - a ring of see invisible (left hand)
 m - a ring of poison resistance (right hand)
Wands
 r - a wand of polymorph (6/24)
Scrolls
 d - 2 scrolls of remove curse {unknown}
 l - a scroll of enchant armour {unknown}
 q - a scroll of immolation {unknown}
 s - a scroll of amnesia {unknown}
Potions
 f - a potion of haste {unknown}
 j - a potion of mutation {unknown}
Books
 b - a book of Necromancy

   Spells                             Type                      Level
   a - Pain                           Necromancy                   1
   b - Animate Skeleton               Necromancy                   1
   c - Vampiric Draining              Necromancy                   3
   d - Regeneration                   Charms/Necromancy            3
   e - Animate Dead                   Necromancy                   4
   f - Control Undead                 Necromancy                   4
 o - a book of Conjurations

   Spells                             Type                      Level
   a - Magic Dart                     Conjuration                  1
   b - Searing Ray                    Conjuration                  2
   c - Dazzling Spray                 Conjuration/Hexes            3
   d - Fulminant Prism                Conjuration/Hexes            4
   e - Force Lance                    Conjuration/Translocation    4
   f - Iskenderun's Mystic Blast      Conjuration                  4
 p - a book of Misfortune

   Spells                             Type                      Level
   a - Confusing Touch                Hexes                        1
   b - Confuse                        Hexes                        3
   c - Gell's Gravitas                Translocation                3
   d - Petrify                        Transmutation/Earth          4
   e - Metabolic Englaciation         Hexes/Ice                    5
   f - Yara's Violent Unravelling     Hexes/Transmutation          5
Comestibles
 c - a bread ration
 k - a meat ration
 t - a chunk of flesh


   Skills:
 - Level 2.2 Fighting
 - Level 2.1 Dodging
 - Level 2.4 Stealth
 + Level 3.1 Spellcasting
 + Level 7.6 Necromancy


You had 4 spell levels left.
You knew the following spells:

 Your Spells              Type           Power        Failure   Level  Hunger
a - Pain                  Necr           ####         1%          1    None
v - Vampiric Draining     Necr           ####......   4%          3    ###....
x - Dazzling Spray        Conj/Hex       #.....       75%         3    ###....


Dungeon Overview and Level Annotations

Branches:
Dungeon (5/15)
 Temple: D:4-7

Altars:
Cheibriados
Nemelex Xobeh
Okawaru
Xom
Zin

Shops:
D:4 =

Annotations:
D:5 Ijyb


Innate Abilities, Weirdness & Mutations

You are resistant to damage.
You can heal yourself by infusing magical energy.
You passively map a small area around you.
You do not regenerate.


Message History

The crimson imp blinks!
The ogre hits you with a giant club!!
* * * LOW HITPOINT WARNING * * *
The crimson imp blinks!
The ogre barely misses you.
Casting: Vampiric Draining
Confirm with . or Enter, or press ? or * to list all spells.
Aiming: Pain
Press: ? - help, Shift-Dir - straight line, f/p - ogre
Aim: an ogre, wielding a giant club (almost dead, chance to defeat MR: 84%)
Okay, then.
Casting: Pain
Confirm with . or Enter, or press ? or * to list all spells.
Aiming: Pain
Press: ? - help, Shift-Dir - straight line, f/p - ogre
Aim: an ogre, wielding a giant club (almost dead, chance to defeat MR: 84%)
The ogre writhes in agony!
The crimson imp hits you but does no damage.
The ogre hits you with a giant club!
You die...

#>........# *
#....[....# ,
#.........# * #
#.........###..##
*
#................
#........<##....
#.........# #.#*
#..5O.....# , *
#..@......#
#########... * *
#.## , * , ... ,,
, ... * * * , ,
#. , , #..


You could see an ogre and a crimson imp.

Vanquished Creatures
  The ghost of letownia2 the Grave Robber, an amateur DDNe (D:4)
  An ice beast (D:4)
  An ogre (D:4)
  A jelly (D:4)
  3 worker ants
  A hound skeleton (D:4)
  3 adders
  An adder skeleton (D:4)
  2 leopard geckos (D:4)
  An orc (D:4)
  A goblin (D:2)
  2 hobgoblins
  2 quokkas
  2 kobolds
  A leopard gecko skeleton (D:4)
23 creatures vanquished.

Notes
Turn   | Place    | Note
-------+----------+-------------------------------------------
     0 | D:1      | letownia2 the Deep Dwarf Necromancer began the quest for the Orb.
     0 | D:1      | Reached XP level 1. HP: 15/15 MP: 3/3
   141 | D:3      | Reached XP level 2. HP: 14/22 MP: 0/5
   373 | D:4      | Reached skill level 5 in Necromancy
   373 | D:4      | Reached XP level 3. HP: 21/28 MP: 4/6
   427 | D:4      | Found a snail-covered altar of Cheibriados.
   443 | D:4      | Learned a level 3 spell: Vampiric Draining
   511 | D:3      | Found an iron altar of Okawaru.
   523 | D:4      | Reached XP level 4. HP: 36/36 MP: 1/7
   526 | D:4      | Reached skill level 6 in Necromancy
   640 | D:4      | Noticed an ogre
   665 | D:4      | Killed an ogre
   665 | D:4      | Reached XP level 5. HP: 38/42 MP: 2/8
   682 | D:4      | Noticed an ice beast
   697 | D:4      | Killed an ice beast
   697 | D:4      | Reached skill level 1 in Fighting
   697 | D:4      | Reached skill level 7 in Necromancy
   734 | D:4      | Found Uxorir's Jewellery Emporium.
   744 | D:4      | Noticed letownia2's ghost (amateur DDNe)
   808 | D:4      | Killed letownia2's ghost
   808 | D:4      | Reached XP level 6. HP: 44/52 MP: 8/10
   924 | D:4      | Learned a level 3 spell: Dazzling Spray
   956 | D:4      | Found a shimmering altar of Xom.
  1082 | D:4      | Found a sparkling altar of Nemelex Xobeh.
  1159 | D:5      | Entered Level 5 of the Dungeon
  1159 | D:5      | Noticed Ijyb
  1265 | D:5      | Found a glowing silver altar of Zin.
  1288 | D:5      | Noticed an ice beast
  1394 | D:5      | Slain by an ogre

Skill      XL: |  1  2  3  4  5  6 |
---------------+-------------------+-----
Spellcasting   | 2 3 |  3.1
Necromancy     | 5 6 7 |  7.6
Fighting       | 2 |  2.2
Dodging        | |  2.1
Stealth        | |  2.4

Action                   |  1- 3 |  4- 6 || total
-------------------------+-------+-------++-------
Melee: Dagger            |    28 |    35 ||    63
Throw: Tomahawk          |       |     2 ||     2
 Cast: Pain              |    14 |    22 ||    36
       Vampiric Draining |     4 |    10 ||    14
 Abil: Evoke Berserk Rag |     3 |     2 ||     5
  Eat: Chunk             |     1 |     7 ||     8
Armor: Ring mail         |    13 |    25 ||    38
Dodge: Dodged            |    26 |    30 ||    56
